% Time on Ice - SACRAMENTO BANDITS
Lines # - Real PCT - Wanted PCT - Time Play
Normal Forward
1 - 36% - 38% - 17:31
2 - 34% - 32% - 16:36
3 - 21% - 20% - 10:08
4 - 9% - 10% - 4:24
Normal Defense
1 - 38% - 43% - 18:25
2 - 36% - 37% - 17:25
3 - 25% - 20% - 11:57
4 - 2% - 0% - 0:52
PP Forward
1 - 64% - 62% - 5:07
2 - 36% - 38% - 2:50
PP Defense
1 - 56% - 57% - 4:26
2 - 44% - 43% - 3:31
PK Forward
1 - 61% - 55% - 2:04
2 - 39% - 45% - 1:20
PK Defense
1 - 52% - 55% - 1:46
2 - 48% - 45% - 1:38
PK3 Forward
1 - 0% - 55%
2 - 0% - 45%
PK3 Defense
1 - 0% - 55%
2 - 0% - 45%
44 Forward
1 - 0% - 55%
2 - 0% - 45%
44 Defense
1 - 0% - 55%
2 - 0% - 45%
Last Minute Offensive  - 0:00
Last Minute Defensive  - 0:00
Total
Forward - 60:00
Defense - 60:00
% Time on Ice - REGINA FALCONS
Lines # - Real PCT - Wanted PCT - Time Play
Normal Forward
1 - 35% - 36% - 17:09
2 - 35% - 35% - 17:08
3 - 20% - 23% - 9:50
4 - 9% - 6% - 4:32
Normal Defense
1 - 37% - 37% - 18:08
2 - 31% - 35% - 15:08
3 - 20% - 22% - 9:55
4 - 11% - 6% - 5:28
PP Forward
1 - 52% - 50% - 1:46
2 - 48% - 50% - 1:38
PP Defense
1 - 48% - 50% - 1:38
2 - 52% - 50% - 1:46
PK Forward
1 - 74% - 55% - 5:51
2 - 26% - 45% - 2:06
PK Defense
1 - 47% - 55% - 3:43
2 - 53% - 45% - 4:14
PK3 Forward
1 - 0% - 55%
2 - 0% - 45%
PK3 Defense
1 - 0% - 55%
2 - 0% - 45%
44 Forward
1 - 0% - 55%
2 - 0% - 45%
44 Defense
1 - 0% - 55%
2 - 0% - 45%
Last Minute Offensive  - 0:00
Last Minute Defensive  - 0:00
Total
Forward - 60:00
Defense - 60:00
Play-by-Play 1st period 0:01 of 1st period - Aleksander Barkov wins face-off versus Ryan Getzlaf in neutral zone. 0:16 of 1st period - Shot by Jonathan Huberdeau. 0:16 of 1st period - Shot Misses the Net. 0:36 of 1st period - Shot by Ryan Getzlaf. 0:36 of 1st period - Stopped by Andrei Vasilevskiy without a rebound. 0:37 of 1st period - Nick Schmaltz wins face-off versus Jonathan Miller in SACRAMENTO BANDITS zone. 0:37 of 1st period - Claude Giroux is hit by Jonathan Miller and loses puck. 0:48 of 1st period - Shot by Claude Giroux. 0:48 of 1st period - Shot Misses the Net. 0:50 of 1st period - Shot by Claude Giroux. 0:50 of 1st period - Shot Misses the Net. 1:00 of 1st period - Shot by Claude Giroux. 1:00 of 1st period - Stopped by Frederik Andersen without a rebound. 1:01 of 1st period - Jordan Martinook wins face-off versus Nazem Kadri in REGINA FALCONS zone. 1:01 of 1st period - Clayton Keller is hit by Joel Edmundson and loses puck. 1:06 of 1st period - Shot by Jordan Martinook. 1:06 of 1st period - Shot Misses the Net. 1:12 of 1st period - Shot by Antoine Roussel. 1:12 of 1st period - Goal by Antoine Roussel - SACRAMENTO BANDITS : 1 - REGINA FALCONS : 0. 1:13 of 1st period - Claude Giroux wins face-off versus Jonathan Miller in neutral zone. 1:41 of 1st period - Icing by Ryan Murray. 1:42 of 1st period - Scott Laughton wins face-off versus Jason Zucker in REGINA FALCONS zone. 2:20 of 1st period - Shot by Scott Laughton. 2:20 of 1st period - Stopped by Frederik Andersen without a rebound. 2:21 of 1st period - Nazem Kadri wins face-off versus Aleksander Barkov in REGINA FALCONS zone. 2:55 of 1st period - Icing by Sami Vatanen. 2:56 of 1st period - Claude Giroux wins face-off versus Nazem Kadri in REGINA FALCONS zone. 3:05 of 1st period - Shot by Claude Giroux. 3:05 of 1st period - Stopped by Frederik Andersen without a rebound. 3:06 of 1st period - Ryan Getzlaf wins face-off versus Jordan Martinook in REGINA FALCONS zone. 3:06 of 1st period - Ryan Getzlaf is hit by Antoine Roussel. 4:32 of 1st period - Blake Comeau is hit by John Carlson and loses puck. 5:13 of 1st period - Jonathan Miller is hit by Ivan Provorov and loses puck. 5:18 of 1st period - Shot by Jonathan Miller. 5:18 of 1st period - Stopped by Andrei Vasilevskiy with a rebound. 5:20 of 1st period - Shot by Jonathan Miller. 5:20 of 1st period - Goal by Jonathan Miller - SACRAMENTO BANDITS : 1 - REGINA FALCONS : 1. 5:21 of 1st period - Ryan Getzlaf wins face-off versus Claude Giroux in neutral zone. 5:35 of 1st period - Shot by Ryan Getzlaf. 5:35 of 1st period - Stopped by Andrei Vasilevskiy without a rebound. 5:36 of 1st period - Claude Giroux wins face-off versus Jonathan Miller in SACRAMENTO BANDITS zone. 5:52 of 1st period - Shot by Ryan Murray. 5:52 of 1st period - Stopped by Andrei Vasilevskiy with a rebound. 5:54 of 1st period - Shot by Ryan Murray. 5:54 of 1st period - Shot Misses the Net. 5:56 of 1st period - Shot by Jonathan Miller. 5:56 of 1st period - Stopped by Andrei Vasilevskiy without a rebound. 5:57 of 1st period - Ryan Getzlaf wins face-off versus Aleksander Barkov in SACRAMENTO BANDITS zone. 6:15 of 1st period - Jonathan Huberdeau is hit by Ron Hainsey and loses puck. 6:20 of 1st period - Shot by Jakub Voracek. 6:20 of 1st period - Stopped by Frederik Andersen without a rebound. 6:21 of 1st period - Nazem Kadri wins face-off versus Claude Giroux in REGINA FALCONS zone. 6:32 of 1st period - Shot by Claude Giroux. 6:32 of 1st period - Shot Misses the Net. 6:34 of 1st period - Shot by Jamie Benn. 6:34 of 1st period - Deflect By Claude Giroux. 6:34 of 1st period - Stopped by Frederik Andersen with a rebound. 7:42 of 1st period - Shot by Jonathan Huberdeau. 7:42 of 1st period - Shot Misses the Net. 8:30 of 1st period - Marc-Edouard Vlasic is hit by Jakub Voracek. 9:14 of 1st period - Shot by Max Pacioretty. 9:14 of 1st period - Deflect By Jonathan Miller. 9:14 of 1st period - Shot Misses the Net. 9:39 of 1st period - Icing by John Carlson. 9:40 of 1st period - Aleksander Barkov wins face-off versus Ryan Getzlaf in SACRAMENTO BANDITS zone. 9:53 of 1st period - Ron Hainsey is hit by Nick Schmaltz and loses puck. 11:11 of 1st period - Shot by Blake Comeau. 11:11 of 1st period - Shot Misses the Net. 11:33 of 1st period - Shot by Antoine Roussel. 11:33 of 1st period - Shot Misses the Net. 12:18 of 1st period - Icing by Clayton Keller. 12:19 of 1st period - Ryan Getzlaf wins face-off versus Jordan Martinook in SACRAMENTO BANDITS zone. 12:26 of 1st period - Shot by David Pastrnak. 12:26 of 1st period - Shot Misses the Net. 12:28 of 1st period - Shot by Patrik Laine. 12:28 of 1st period - Shot Hit the Post. 12:30 of 1st period - Shot by David Pastrnak. 12:30 of 1st period - Shot Blocked by Jordan Martinook. 12:32 of 1st period - Shot by Ryan Getzlaf. 12:32 of 1st period - Stopped by Andrei Vasilevskiy without a rebound. 12:33 of 1st period - Claude Giroux wins face-off versus Nazem Kadri in SACRAMENTO BANDITS zone. 13:19 of 1st period - Shot by Claude Giroux. 13:19 of 1st period - Stopped by Frederik Andersen without a rebound. 13:20 of 1st period - Aleksander Barkov wins face-off versus Jonathan Miller in REGINA FALCONS zone. 13:34 of 1st period - Shot by Jason Zucker. 13:34 of 1st period - Shot Misses the Net. 13:36 of 1st period - Shot by Jonathan Miller. 13:36 of 1st period - Stopped by Andrei Vasilevskiy without a rebound. 13:37 of 1st period - Aleksander Barkov wins face-off versus Ryan Getzlaf in SACRAMENTO BANDITS zone. 14:13 of 1st period - Shot by Ryan Getzlaf. 14:13 of 1st period - Shot Blocked by Jonathan Huberdeau. 16:03 of 1st period - Shot by Nazem Kadri. 16:03 of 1st period - Stopped by Andrei Vasilevskiy with a rebound. 16:35 of 1st period - Vince Dunn is hit by Ryan Getzlaf and loses puck. 16:42 of 1st period - Shot by Ryan Getzlaf. 16:42 of 1st period - Stopped by Andrei Vasilevskiy with a rebound. 17:10 of 1st period - Shot by David Pastrnak. 17:10 of 1st period - Shot Blocked by Vince Dunn. 17:40 of 1st period - Shot by Nazem Kadri. 17:40 of 1st period - Shot Misses the Net. 17:42 of 1st period - Shot by Nazem Kadri. 17:42 of 1st period - Shot Misses the Net. 17:57 of 1st period - Icing by Kevin Connauton. 17:58 of 1st period - Scott Laughton wins face-off versus Jonathan Miller in SACRAMENTO BANDITS zone. 18:18 of 1st period - Shot by Jason Zucker. 18:18 of 1st period - Deflect By Jonathan Miller. 18:18 of 1st period - Stopped by Andrei Vasilevskiy with a rebound. 18:20 of 1st period - Shot by Jonathan Miller. 18:20 of 1st period - Stopped by Andrei Vasilevskiy without a rebound. 18:21 of 1st period - Claude Giroux wins face-off versus Patrik Laine in SACRAMENTO BANDITS zone. 18:21 of 1st period - Claude Giroux is hit by Patrik Laine. Goals for this period are 1 for SACRAMENTO BANDITS vs 1 for REGINA FALCONS. Shots for this period are 7 for SACRAMENTO BANDITS vs 12 for REGINA FALCONS. 2nd period 0:01 of 2nd period - Nazem Kadri wins face-off versus Aleksander Barkov in neutral zone. 0:08 of 2nd period - Shot by Nazem Kadri. 0:08 of 2nd period - Shot Misses the Net. 0:17 of 2nd peri